 Dungeon Crawl Stone Soup version 0.29.0-4-gdea44cf6ec (webtiles) character file.

Game seed: 6337245267926165383

98 qw the Chopper (level 4, 0/26 HPs)
             Began as a Tengu Warper on Aug 28, 2022.
             Slain by an adder (4 damage)
             ... on level 3 of the Dungeon.
             The game lasted 00:00:15 (2361 turns).

qw the Chopper (Tengu Warper)                       Turns: 2361, Time: 00:00:16

Health: 0/26       AC:  5    Str: 13    XL:     4   Next: 69%
Magic:  8/8        EV: 11    Int: 14    God:
Gold:   160        SH:  0    Dex: 13    Spells: 7/7 levels left

rFire   + . .      SeeInvis .   Y - +0 hand axe
rCold   . . .      Faith    .   (no shield)
rNeg    . . .      Spirit   .   h - +0 ring mail
rPois   .          Reflect  .   (helmet restricted)
rElec   .          Harm     .   (no cloak)
rCorr   .          Rampage  .   (no gloves)
Will    .....                   (boots unavailable)
Stlth   +.........              (no amulet)
HPRegen 0.08/turn               f - ring of protection from fire
MPRegen 0.11/turn               (no ring)

@: lethally poisoned (0 -> -2)
A: beak, talons 3
a: no special abilities


You were on level 3 of the Dungeon.
You visited 1 branch of the dungeon, and saw 4 of its levels.

You collected 160 gold pieces.


Innate Abilities, Weirdness & Mutations

You have a beak for a mouth.
You have claws for feet.


   Skills:
 - Level 2.0 Fighting
 + Level 5.2 Axes
 - Level 1.0 Throwing
 - Level 1.1 Armour
 - Level 2.1 Dodging
 - Level 2.0 Spellcasting
 - Level 2.4 Translocations


You had 7 spell levels left.
You didn't know any spells.
Your spell library contained the following spells:

 Spells                   Type           Power      Damage    Failure   Level
 Blink                    Tloc           16%        N/A       28%         2
 Gell's Gravitas          Tloc           8%         N/A       50%         3
 Lesser Beckoning         Tloc           8%         N/A       50%         3
 Teleport Other           Tloc           8%         N/A       50%         3
 Manifold Assault         Tloc           8%         N/A       99%         5

Inventory:

Hand Weapons
 m - a +0 mace
 Y - a +0 hand axe (weapon)
Missiles
 b - 5 boomerangs
 i - 4 silver boomerangs (quivered)
Armour
 h - a +0 ring mail (worn)
Jewellery
 f - a ring of protection from fire (left hand)
Scrolls
 a - a scroll of identify
Potions
 d - a potion of curing
 e - 2 potions of might
 k - a potion of cancellation {unknown}
 l - a potion of mutation {unknown}

Dungeon Overview and Level Annotations

Branches:
Dungeon (4/15)
 Temple: D:4-7

Altars:


Message History

You miss the adder.
You feel sick. The adder bites you.
You are lethally poisoned!
The adder poisons you! The adder misses you.
You barely miss the adder. You claw the adder.
The adder is almost dead.
You miss the adder.
You feel very sick. The adder bites you.
You are more poisoned.
The adder poisons you! The adder bites you. x2
You are more poisoned.
The adder poisons you!
2355 ||| DRINKING potion of heal wounds.
You feel much better.
You feel very sick. The adder bites you.
The adder bites you but does no damage. x2
You slash the adder!
You kill the adder!
You hit the adder but do no damage.
You feel very sick. The adder bites you but does no damage.
You closely miss the adder.
The adder is heavily wounded.
You feel very sick. The adder bites you.
You miss the adder. Your peck misses the adder.
The adder is heavily wounded.
You feel sick. The adder bites you but does no damage.
The adder barely misses you.
You barely miss the adder. You claw the adder, but do no damage.
The adder is heavily wounded.
You feel sick. The adder barely misses you.
You hit the adder but do no damage. You claw the adder, but do no damage.
The adder is heavily wounded.
You feel sick. The adder misses you.
You hit the adder.
The adder is almost dead.
You feel sick. The adder bites you.
You die...

#..............#.
#.###.##.........
#.# #.##.#.....# #.#
#<.......... #%#
#.##.##..###.. #.#
#)##.......S. #.#
#........###..# #.#
####...%S.....# #.#
####@###... #.#
#.>...... #.#
#.####..# ##.####
#.# #..# ##.#.#.##
#.# #..## #.###...#
#.. .... ##.#....##
#.# #..#
##......####.####..#
##..........#.....#


You could see an adder.

Vanquished Creatures
  3 adders
  A worm (D:2)
  A dart slug (D:1)
  An orc (D:3)
  6 ball pythons
  3 bats (D:1)
  6 endoplasms
  2 giant cockroaches (D:1)
  9 goblins
  9 hobgoblins
  2 jackals (D:1)
  4 kobolds
  A quokka (D:3)
  4 frilled lizards
  9 rats
61 creatures vanquished.

Vanquished Creatures (others)
  11 fungi (D:1)
  4 plants (D:1)
15 creatures vanquished.

Grand Total: 76 creatures vanquished

Notes
Turn   | Place    | Note
-------+----------+-------------------------------------------
     0 | D:1      | qw the Tengu Warper began the quest for the Orb.
     0 | D:1      | Reached XP level 1. HP: 12/12 MP: 4/4
     0 | D:1      | 0 ||| qw: Version: 0.1-a-89-g26bdef1
     0 | D:1      | 0 ||| qw: Game counter: 3159
     0 | D:1      | 0 ||| qw: Always use a shield: true
     0 | D:1      | 0 ||| qw: God list: Okawaru
     0 | D:1      | 0 ||| qw: Allow faded altars: false
     0 | D:1      | 0 ||| qw: Do Orc after D:15 true
     0 | D:1      | 0 ||| qw: Do second Lair branch before Depths: true
     0 | D:1      | 0 ||| qw: Lair rune preference: random
     0 | D:1      | 0 ||| qw: Plans: Normal
     0 | D:1      | 0 ||| PLANNING D:1-11
    98 | D:1      | 98 ||| Stepping ~*~*~tactically~*~*~ (stealth).
   210 | D:1      | Reached XP level 2. HP: 17/17 MP: 6/6
   210 | D:1      | 210 ||| Stepping ~*~*~tactically~*~*~ (stealth).
   214 | D:1      | Reached skill level 3 in Axes
   425 | D:1      | 425 ||| Stepping ~*~*~tactically~*~*~ (hiding).
   652 | D:1      | Reached XP level 3. HP: 21/21 MP: 7/7
   681 | D:1      | 681 ||| Stepping ~*~*~tactically~*~*~ (stealth).
   698 | D:1      | 698 ||| Stepping ~*~*~tactically~*~*~ (stealth).
   702 | D:1      | 702 ||| Stepping ~*~*~tactically~*~*~ (stealth).
   709 | D:1      | 709 ||| Stepping ~*~*~tactically~*~*~ (stealth).
   711 | D:1      | Reached skill level 4 in Axes
   714 | D:1      | 714 ||| Stepping ~*~*~tactically~*~*~ (stealth).
   953 | D:1      | 953 ||| Stepping ~*~*~tactically~*~*~ (stealth).
  1068 | D:1      | 1068 ||| DROPPING +0 club.
  1154 | D:1      | 1154 ||| UPGRADING to +0 ring mail.
  1164 | D:1      | 1164 ||| DROPPING +0 leather armour.
  1165 | D:1      | 1165 ||| DROPPING ring of wizardry.
  1166 | D:1      | 1166 ||| READING 3 scrolls labelled CALOREIFUOK.
  1167 | D:1      | 1167 ||| DRINKING 2 sapphire potions.
  1168 | D:1      | 1168 ||| READING 2 scrolls of identify.
  1168 | D:1      | 1168 ||| IDENTIFYING fuming purple potion
  1169 | D:1      | 1169 ||| DROPPING scroll of blinking.
  1170 | D:1      | 1170 ||| DROPPING potion of degeneration.
  1244 | D:2      | Found a faded altar of an unknown god.
  1256 | D:2      | 1256 ||| Stepping ~*~*~tactically~*~*~ (stealth).
  1279 | D:2      | 1279 ||| Stepping ~*~*~tactically~*~*~ (stealth).
  1308 | D:2      | 1308 ||| Stepping ~*~*~tactically~*~*~ (stealth).
  1309 | D:2      | 1309 ||| Stepping ~*~*~tactically~*~*~ (stealth).
  1314 | D:2      | 1314 ||| Stepping ~*~*~tactically~*~*~ (stealth).
  1436 | D:2      | You fall into a shaft and drop 2 floors!
  1490 | D:3      | 1490 ||| Stepping ~*~*~tactically~*~*~ (stealth).
  1491 | D:3      | 1491 ||| Stepping ~*~*~tactically~*~*~ (stealth).
  1510 | D:3      | Reached XP level 4. HP: 26/26 MP: 8/8
  1510 | D:3      | 1510 ||| Stepping ~*~*~tactically~*~*~ (stealth).
  1665 | D:3      | 1665 ||| READING scroll labelled ULYEBR GYCW.
  1668 | D:3      | 1668 ||| Stepping ~*~*~tactically~*~*~ (stealth).
  1669 | D:3      | 1669 ||| Stepping ~*~*~tactically~*~*~ (stealth).
  1671 | D:3      | 1671 ||| Stepping ~*~*~tactically~*~*~ (stealth).
  1757 | D:2      | Reached skill level 5 in Axes
  2293 | D:2      | 2293 ||| UPGRADING to ring of protection from fire.
  2294 | D:2      | 2294 ||| READING scroll labelled ZELUWO SI CIVAE.
  2295 | D:2      | 2295 ||| DRINKING 2 blue potions.
  2296 | D:2      | 2296 ||| READING 3 scrolls of identify.
  2296 | D:2      | 2296 ||| IDENTIFYING metallic puce potion
  2297 | D:2      | 2297 ||| READING 2 scrolls of identify.
  2297 | D:2      | 2297 ||| IDENTIFYING smoky sapphire potion
  2298 | D:2      | 2298 ||| DROPPING potion of berserk rage.
  2299 | D:2      | 2299 ||| DROPPING potion of ambrosia.
  2335 | D:3      | 2335 ||| Stepping ~*~*~tactically~*~*~ (stealth).
  2336 | D:3      | 2336 ||| Stepping ~*~*~tactically~*~*~ (stealth).
  2344 | D:3      | 2344 ||| Stepping ~*~*~tactically~*~*~ (stealth).
  2354 | D:3      | HP: 5/26 [adder (2)]
  2355 | D:3      | 2355 ||| DRINKING potion of heal wounds.
  2360 | D:3      | HP: 5/26 [poisoned by an adder]
  2361 | D:3      | Slain by an adder

Levels and vault maps discovered:
D:1:      spicycebolla_arrival_clurvy, layout_loops_ring, minmay_pentomino_w4
D:2:      layout_loops_ring, ebering_ecumenical_altar_rust
D:3:      layout_loops_ring, grunt_temple_overflow_opulence,
          kennysheep_okawaru_gauntlet
D:4:      layout_basic, nicolae_ashenzari_skybound, uniq_blork_the_orc,
          uniq_menkaure

Skill      XL: |  1  2  3  4 |
---------------+-------------+-----
Axes           | 3 4 5 |  5.2
Fighting       | |  2.0
Throwing       | |  1.0
Armour         | |  1.1
Dodging        | |  2.1
Spellcasting   | |  2.0
Translocations | |  2.4

Action                   |  1- 3 |  4- 6 || total
-------------------------+-------+-------++-------
Melee: Hand axe          |    75 |    42 ||   117
       Peck              |    10 |     8 ||    18
       Kick              |    16 |    11 ||    27
Throw: Boomerang         |    20 |    22 ||    42
  Use: Scroll            |     2 |     4 ||     6
       Potion            |     1 |     2 ||     3
Armor: Leather armour    |     8 |       ||     8
       Ring mail         |     7 |    14 ||    21
Dodge: Dodged            |    38 |    24 ||    62

Table legend:
 A = Non-vault XP
 B = Vault XP
 C = Vault XP percentage of total XP
 D = Non-vault monster count
 E = Vault monster count
 F = Vault count percentage of total count
                 A         B        C        D         E       F
            +---------+---------+-------+---------+---------+-------
      Total |     131 |       9 |   6.4 |      55 |       6 |   9.8
            +---------+---------+-------+---------+---------+-------
        D:1 |      44 |       9 |  17.0 |      26 |       6 |  18.8
        D:2 |      47 |       0 |   0.0 |      19 |       0 |   0.0
        D:3 |      40 |       0 |   0.0 |      10 |       0 |   0.0
            +---------+---------+-------+---------+---------+-------
